 Dungeon Crawl Stone Soup version 0.30-a0-782-ge64f9170bb (webtiles) character file.

Game seed: 12413807826012908530

39341 sanka the Marksdemigod (level 13, -18/110 HPs)
             Began as a Demigod Hunter on Feb 22, 2023.
             Shot with a bolt by a yaktaur (23 damage)
             ... on level 15 of the Dungeon.
             The game lasted 00:25:13 (12629 turns).

sanka the Marksdemigod (Demigod Hunter)            Turns: 12629, Time: 00:25:14

Health: -18/110    AC: 15    Str: 12    XL:     13   Next: 34%
Magic:  0/16       EV: 24    Int: 15    God:
Gold:   262        SH:  0    Dex: 39    Spells: 12/12 levels left

rFire   + . .      SeeInvis +    x - +2 arbalest (freeze)
rCold   + + .      Faith    .    (shield currently unavailable)
rNeg    . . .      Spirit   +    n - +3 leather armour {rC+ rF+}
rPois   .          Reflect  .    G - +2 helmet {SInv}
rElec   .          Harm     .    D - +2 cloak {Will+}
rCorr   .          Rampage  .    R - +2 pair of gloves {infuse}
Will    ++...                    (no boots)
Stlth   +++                      d - amulet of guardian spirit
HPRegen 0.38/turn                o - +6 ring of dexterity
MPRegen 0.15/turn                P - ring "Serohuch" {rC+ Int+4}

@: no status effects
A: high MP 1, forlorn, divine attributes
a: no special abilities


You were on level 15 of the Dungeon.
You visited 2 branches of the dungeon, and saw 15 of its levels.
You also visited: Ice Cave.

You collected 861 gold pieces.
You spent 599 gold pieces at shops.


Innate Abilities, Weirdness & Mutations

You have an increased reservoir of magic. (+10% MP)
You shall have no god before yourself.
Your divine heritage dramatically boosts your attributes as you level up.


   Skills:
 + Level 8.9 Fighting
 - Level 18.0 Ranged Weapons
 + Level 3.7 Armour
 + Level 8.9 Dodging
 - Level 0.8 Stealth


You had 12 spell levels left.
You didn't know any spells.
Your spell library contained the following spells:

 Spells                   Type           Power      Damage    Failure   Level
 Ensorcelled Hibernation  Hex/Ice        0%         N/A       45%         2
 Lesser Beckoning         Tloc           0%         N/A       45%         2
 Dazzling Flash           Conj/Hex       0%         N/A       71%         3
 Gell's Gravitas          Tloc           0%         N/A       71%         3
 Spider Form              Tmut/Pois      0%         N/A       71%         3
 Teleport Other           Tloc           0%         N/A       71%         3
 Tukima's Dance           Hex            0%         N/A       71%         3
 Anguish                  Hex/Necr       0%         N/A       98%         4
 Animate Armour           Summ/Erth      0%         N/A       98%         4
 Animate Dead             Necr           0%         N/A       98%         4
 Leda's Liquefaction      Hex/Erth       0%         N/A       98%         4
 Passage of Golubria      Tloc           0%         N/A       98%         4
 Agony                    Necr           0%         N/A       100%        5
 Blade Hands              Tmut           0%         N/A       100%        5
 Lee's Rapid Deconstruct  Erth           0%         3d4*      100%        5
 Silence                  Hex/Air        0%         N/A       100%        5
 Yara's Violent Unravell  Hex/Tmut       0%         3d3       100%        5
 Dispersal                Tloc           0%         N/A       100%        6
 Iron Shot                Conj/Erth      0%         9d1       100%        6
 Statue Form              Tmut/Erth      0%         N/A       100%        6
 Enfeeble                 Hex            0%         N/A       100%        7
 Haunt                    Necr/Summ      0%         N/A       100%        7
 Infestation              Necr           0%         N/A       100%        8

Inventory:

Hand Weapons
 x - a +2 arbalest of freezing (weapon)
 N - the +5 sling of the Pyrrhic Victory {heavy, rElec rC+ rN+} rC: It protects you from cold. rElec: It insulates you from electricity. rN: It protects you from negative energy.
 Q - a +0 broad axe of distortion
Missiles
 w - 9 throwing nets {=f}
 J - a curare-tipped dart {=f}
Armour
 n - a +3 leather armour of resistance (worn)
 D - a +2 cloak of willpower (worn)
 G - a +2 helmet of see invisible (worn)
 R - a +2 pair of gloves of infusion (worn)
Jewellery
 a - a ring of protection from fire
 d - an amulet of guardian spirit (around neck)
 e - a ring of poison resistance
 o - a +6 ring of dexterity (left hand)
 q - a ring of positive energy
 u - a ring of protection from fire
 O - a ring of protection from cold
 P - the ring "Serohuch" (right hand) {rC+ Int+4}

   [ring of protection from cold]

   Int:       It affects your intelligence (+4).
   rC:        It protects you from cold.
Wands
 y - a wand of digging (12)
 B - a wand of iceblast (11)
 H - a wand of charming (14)
 I - a wand of acid (13)
 M - a wand of polymorph (4)
Scrolls
 b - 3 scrolls of immolation {!r}
 c - 7 scrolls of teleportation {@r4}
 f - 4 scrolls of magic mapping
 i - 3 scrolls of fear
 k - 4 scrolls of silence {!r}
 p - 4 scrolls of blinking
 r - 2 scrolls of enchant weapon
 z - a scroll of enchant armour
 A - 5 scrolls of poison {!r}
 K - a scroll of brand weapon
 L - a scroll of summoning
Potions
 g - a potion of mutation {unknown}
 h - a potion of invisibility {unknown}
 j - 2 potions of attraction {unknown}
 l - 3 potions of lignification {!q}
 m - 2 potions of ambrosia
 s - 2 potions of haste {@q3}
 t - a potion of cancellation {unknown}
 v - 6 potions of curing {@q1}
 C - 3 potions of brilliance {unknown}
 E - 3 potions of resistance
 F - 5 potions of heal wounds {@q2}

Dungeon Overview and Level Annotations

Branches:
Dungeon (13/15)            Temple (1/1) D:4            Lair (0/5) D:8
    Orc (0/2) D:10         Vaults (0/5) D:13          IceCv (visited)

Shops:
D:3 (   D:4 ([   D:5 (   D:6 ![   D:11 =

Portals:
Trove: D:13 (give 12 scrolls of teleportation)

Annotations:
D:10 exclusion: downstairs

.........▒.▒..▒▒
.▒.........▒...▒
...............▒
▒.............▒▒
▒.............▒
.............▒▒
.............▒
.............▒
.........p..▒
........))▒▒
▒..cc).).▒
▒...c▒..▒▒
.....▒...
.....)..) ...)
)... ... ...8..


You could see a centaur warrior, a yaktaur and a centaur.


Message History

The yaktaur is moderately wounded.
The centaur shoots an arrow.
The arrow closely misses you.
The yaktaur shoots a bolt.
The bolt hits you!!
* * * LOW HITPOINT WARNING * * *
The yaktaur shoots a bolt.
The bolt closely misses you.
You shoot a bolt. The bolt hits the yaktaur!!!
The bolt freezes the yaktaur.
You kill the yaktaur!
The centaur shoots an arrow.
The arrow barely misses you.
The yaktaur shoots a bolt.
The bolt hits you!!
* * * LOW HITPOINT WARNING * * *
The centaur shoots an arrow.
The arrow barely misses you.
The centaur warrior shoots an arrow.
The arrow closely misses you.
You shoot a bolt. The bolt hits the centaur warrior!
The bolt freezes the centaur warrior.
The centaur warrior is lightly wounded.
The centaur shoots an arrow.
The arrow completely misses you.
The yaktaur shoots a bolt.
The bolt hits you!!
You die...

Action                     |  1- 3 |  4- 6 |  7- 9 | 10-12 | 13-15 || total
---------------------------+-------+-------+-------+-------+-------++-------
   Fire: Shortbow          |   105 |   135 |       |       |       ||   240
         Arbalest          |       |       |   199 |   570 |    64 ||   833
    Use: Scroll            |       |     1 |     6 |     9 |     1 ||    17
         Potion            |       |       |       |     1 |       ||     1
 Armour: Leather armour    |     6 |       |       |    29 |    19 ||    54
         Robe              |       |    25 |     9 |    31 |       ||    65
  Dodge: Dodged            |    21 |    61 |    49 |   277 |    54 ||   462

Levels and vault maps discovered:
D:1:      eino_arrival_druids_welcome, layout_basic
D:2:      layout_basic, basic_altar, uniq_jessica, uniq_sigmund
D:3:      layout_loops_ring, serial_shops, nicolae_diamond_shop,
          dk_noncrumbling_4, corexii_shack, minmay_cupped
D:4:      layout_basic, minitemple, mainiacjoe_overflow_alcove_1,
          brannock_xom_greatest_gift, old_standard_altar,
          gammafunk_temple_overflow_wave, minmay_temple_entry_proselytizer,
          serial_shops, shop, shop
D:5:      layout_cave_pools, serial_shops, shop, gammafunk_ghost_stat_death,
          serial_park, serial_park_square3 [serial_park_minivault_5x5_8],
          serial_park_gazebo [serial_park_minivault_5x5_3], serial_park_tiny_2,
          minivault_19
D:6:      layout_basic, mainiacjoe_overflow_catwalk, nicolae_wooded_promenade,
          uniq_blork_the_orc, uniq_prince_ribbit1, uniq_edmund
D:7:      layout_basic, old_standard_altar
D:8:      layout_basic, minmay_lair_entry_grove, uniq_pikel, uniq_grum,
          uniq_joseph
D:9:      layout_basic
D:10:     layout_cave_pools, grunt_dithmenos_smoke, amcnicky_altar_gilded,
          zombieorc2_lemuel, uniq_nergalle, uniq_snorg, uniq_erica
D:11:     minmay_shrinking_squares, layout_loops_ring, serial_shops,
          shop_statue, portal_ice_cave_rime,
          hangedman_abyss_or_decor_lesser_grid, nicolae_eternal_life,
          chequers_serial_rivers_room_a, uniq_harold
D:12:     layout_rooms
D:13:     layout_small_grid, hangedman_vaults_entry_quadrant_bands,
          nicolae_trove_entry_diagonal, tso_altar
D:15:     gammafunk_depths_entry_grave, layout_cave_pools,
          lemuel_blue_sif_altar, uniq_nessos
Temple:   nicolae_temple_panitentiary

Notes
Turn   | Place    | Note
-------+----------+-------------------------------------------
     0 | D:1      | sanka the Demigod Hunter began the quest for the Orb.
     0 | D:1      | Reached XP level 1. HP: 17/17 MP: 3/3
   104 | D:1      | Reached skill level 2 in Fighting
   215 | D:1      | Reached XP level 2. HP: 25/25 MP: 4/4
   362 | D:1      | Reached skill level 3 in Fighting
   932 | D:2      | Noticed Sigmund
   976 | D:2      | Reached XP level 3. HP: 31/31 MP: 5/5
   989 | D:2      | Reached skill level 4 in Ranged Weapons
  1095 | D:2      | Noticed Jessica
  1099 | D:2      | Killed Jessica
  1543 | D:3      | Reached XP level 4. HP: 38/38 MP: 6/6
  1656 | D:3      | Found Jogetsali's Antique Weapon Emporium.
  1862 | D:3      | Reached skill level 5 in Ranged Weapons
  2071 | D:4      | Found a staircase to the Ecumenical Temple.
  2079 | D:4      | Reached XP level 5. HP: 45/45 MP: 7/7
  2138 | D:4      | Noticed an ogre
  2145 | D:4      | Killed an ogre
  2146 | D:4      | Reached skill level 6 in Ranged Weapons
  2168 | D:4      | Reached XP level 6. HP: 42/51 MP: 5/8
  2238 | D:4      | Found Lirghutiz's Weapon Shoppe.
  2280 | D:4      | Reached skill level 7 in Ranged Weapons
  2511 | D:4      | Found Xatoep's Antique Armour Emporium.
  2905 | Temple   | Entered the Ecumenical Temple
  2905 | Temple   | Noticed a cacodemon
  2905 | Temple   | Noticed a shadow demon
  2905 | Temple   | Noticed a balrug
  2906 | Temple   | Noticed Zias the pandemonium lord
  2906 | Temple   | Noticed Pigyciuj the pandemonium lord
  2907 | Temple   | Noticed a hellion
  2907 | Temple   | Noticed a chaos spawn
  2908 | Temple   | Noticed Ywnukled the pandemonium lord
  2909 | Temple   | Noticed a chaos spawn
  2909 | Temple   | Noticed a sixfirhy
  2934 | Temple   | Noticed an ice devil
  2950 | Temple   | Noticed Hupis the pandemonium lord
  2950 | Temple   | Noticed an Executioner
  2951 | Temple   | Noticed an Ice Fiend
  2968 | Temple   | Noticed Tetrak the pandemonium lord
  2969 | Temple   | Noticed an ice devil
  2980 | Temple   | Noticed Kauwuoqetz the pandemonium lord
  3021 | D:5      | Entered Level 5 of the Dungeon
  3027 | D:5      | Found Narebbeb's Antique Weapon Shoppe.
  3036 | D:5      | Found a transporter.
  3052 | D:5      | Reached XP level 7. HP: 37/57 MP: 6/9
  3115 | D:3      | Bought a glowing arbalest for 172 gold pieces
  3279 | D:2      | Killed Sigmund
  3280 | D:2      | Reached skill level 8 in Ranged Weapons
  3442 | D:5      | Found a transporter.
  3515 | D:5      | Reached skill level 9 in Ranged Weapons
  3714 | D:5      | Noticed rlgrobin's ghost (weakling DEDe)
  3753 | D:5      | Reached XP level 8. HP: 45/63 MP: 6/10
  3924 | D:6      | Reached skill level 10 in Ranged Weapons
  3962 | D:6      | Reached skill level 2 in Dodging
  4093 | D:6      | Noticed Edmund
  4098 | D:6      | Killed Edmund
  4099 | D:6      | Reached skill level 4 in Fighting
  4099 | D:6      | Reached skill level 3 in Dodging
  4214 | D:6      | Found Etiuhank's Antique Armour Emporium.
  4231 | D:6      | Reached skill level 4 in Dodging
  4252 | D:6      | Found Ugygia Qati's Distillery.
  4275 | D:6      | Noticed Blork the orc
  4278 | D:6      | Killed Blork the orc
  4370 | D:6      | Noticed Prince Ribbit
  4374 | D:6      | Killed Prince Ribbit
  4375 | D:6      | Reached skill level 5 in Fighting
  4375 | D:6      | Reached XP level 9. HP: 65/74 MP: 9/11
  4661 | D:6      | Reached skill level 5 in Dodging
  4876 | D:7      | Reached skill level 6 in Fighting
  5004 | D:7      | Reached skill level 6 in Dodging
  5848 | D:8      | Noticed Pikel
  5850 | D:8      | Killed Pikel
  5851 | D:8      | Reached skill level 7 in Fighting
  5956 | D:8      | Reached skill level 7 in Dodging
  5960 | D:8      | Reached XP level 10. HP: 86/88 MP: 13/13
  5969 | D:8      | Noticed Joseph
  6049 | D:8      | Reached skill level 8 in Fighting
  6087 | D:8      | Killed Joseph
  6088 | D:8      | Reached skill level 8 in Dodging
  6385 | D:8      | Noticed Grum
  6389 | D:8      | Killed Grum
  6406 | D:8      | Found a staircase to the Lair.
  6682 | D:8      | Reached skill level 11 in Ranged Weapons
  6838 | D:9      | Identified +0 acid dragon scales
  6971 | D:6      | Bought a shiny helmet for 187 gold pieces
  7681 | D:10     | Entered Level 10 of the Dungeon
  7790 | D:10     | Noticed Snorg
  7799 | D:10     | Killed Snorg
  7800 | D:10     | Reached skill level 12 in Ranged Weapons
  8079 | D:10     | Reached XP level 11. HP: 83/94 MP: 11/14
  8122 | D:10     | Found a staircase to the Orcish Mines.
  8227 | D:10     | Identified a +1 robe of resistance
  8227 | D:10     | Noticed Erica
  8231 | D:10     | Killed Erica
  8232 | D:10     | Reached skill level 13 in Ranged Weapons
  8303 | D:10     | Noticed Nergalle
  8312 | D:10     | Killed Nergalle
  8777 | D:5      | Killed rlgrobin's ghost
  8954 | D:6      | Bought 2 potions of heal wounds for 120 gold pieces
  8954 | D:6      | Bought a potion of haste for 120 gold pieces
  9043 | D:11     | Found a frozen archway.
  9112 | IceCv    | Entered an ice cave
  9171 | IceCv    | Identified a +3 leather armour of resistance
  9323 | IceCv    | Reached skill level 14 in Ranged Weapons
  9683 | IceCv    | Reached skill level 15 in Ranged Weapons
  9756 | IceCv    | Noticed an azure jelly
  9759 | IceCv    | Noticed an azure jelly
  9762 | IceCv    | Killed an azure jelly
  9763 | IceCv    | Reached XP level 12. HP: 101/101 MP: 15/15
  9767 | IceCv    | Killed an azure jelly
  9783 | IceCv    | Identified the +9 whip of Indignation {antimagic, rF++
                  | Str+2 Dex+4}
  9789 | IceCv    | Got the ring "Serohuch" {rC+ Int+4}
  9932 | D:11     | Reached skill level 16 in Ranged Weapons
 10154 | D:11     | Found Ogodoicvukk's Jewellery Boutique.
 10509 | D:11     | Noticed Harold
 10513 | D:11     | Killed Harold
 10673 | D:11     | Noticed a boulder beetle
 10673 | D:11     | Noticed a centaur warrior
 10681 | D:11     | Killed a centaur warrior
 10701 | D:11     | Killed a boulder beetle
 10704 | D:11     | Reached skill level 17 in Ranged Weapons
 10876 | D:11     | Identified the +5 sling of the Pyrrhic Victory {heavy,
                  | rElec rC+ rN+}
 11259 | D:12     | Identified 3 potions of resistance
 11711 | D:13     | Noticed a centaur warrior
 11939 | D:12     | Killed a centaur warrior
 11997 | D:13     | Noticed a boulder beetle
 12006 | D:13     | Killed a boulder beetle
 12023 | D:13     | Noticed an ogre mage
 12027 | D:13     | Killed an ogre mage
 12028 | D:13     | Reached skill level 18 in Ranged Weapons
 12031 | D:13     | Reached XP level 13. HP: 107/107 MP: 16/16
 12037 | D:13     | Reached skill level 1 in Armour
 12068 | D:13     | Reached skill level 2 in Armour
 12354 | D:13     | Found a portal to a secret trove of treasure.
 12531 | D:13     | Found a gate to the Vaults.
 12590 | D:15     | Entered Level 15 of the Dungeon
 12612 | D:15     | Reached skill level 3 in Armour
 12628 | D:15     | HP: 5/110 [yaktaur/bolt (16)]
 12629 | D:15     | Shot with a bolt by a yaktaur

Vanquished Creatures
  2 azure jellies (IceCv)
  Snorg (D:10)
  Harold (D:11)
  3 centaur warriors
  A death knight (D:13)
  2 ogre magi
  4 two-headed ogres
  2 boulder beetles
  Erica (D:10)
  A tengu warrior (D:15)
  Nergalle (D:10)
  2 skeletal warriors
  A flayed ghost (D:15)
  Pikel (D:8)
  A deep elf pyromancer (D:13)
  An orc knight (D:13)
  A deep elf zephyrmancer (D:11)
  3 cyclopes
  Joseph (D:8)
  A manticore (D:12)
  An ugly thing (D:13)
  An ice statue (IceCv)
  A kobold demonologist (D:13)
  A rime drake (shapeshifter) (D:11)
  2 rime drakes (D:11)
  7 yaktaurs
  2 efreet
  A tengu conjurer (D:15)
  3 trolls
  A freezing wraith (D:13)
  Prince Ribbit (D:6)
  3 hornets
  26 slime creatures (IceCv)
  Sigmund (D:2)
  2 wraiths
  A shadow (D:12)
  5 wyverns
  10 yaks
  Grum (D:8)
  7 vampire mosquitoes
  2 basilisks (D:8)
  Edmund (D:6)
  An acid dragon (D:9)
  4 water moccasins (D:8)
  3 black bears
  6 orc warriors
  5 ice beasts
  2 great orb of eyes simulacra (IceCv)
  10 ogres
  3 centaurs
  4 wolves (D:8)
  3 slime creature simulacra (IceCv)
  2 lemures (D:8)
  6 phantoms
  Blork the orc (D:6)
  6 kobold brigands
  2 necrophages
  7 scorpions
  4 bullfrogs
  5 gnoll sergeants
  3 glowing shapeshifter simulacra (IceCv)
  2 troll zombies (D:10)
  6 killer bees (D:9)
  9 howler monkeys
  An electric eel (D:6)
  3 quasits (D:5)
  3 hounds
  2 jellies
  8 orc priests
  Jessica (D:2)
  7 iguanas
  11 orc wizards
  3 shapeshifter simulacra (IceCv)
  6 ogre zombies (D:10)
  16 gnolls
  5 adders
  2 white imps (D:6)
  3 worms
  2 dart slugs
  The ghost of rlgrobin the Sneak, a weakling DEDe (D:5)
  33 orcs
  10 bats
  10 endoplasms
  3 giant cockroaches
  8 goblins
  6 hobgoblins
  4 jackals (D:1)
  29 kobolds
  8 ball pythons
  2 frilled lizards
  2 goblin skeletons (D:10)
  2 goblin zombies (D:10)
  3 hobgoblin skeletons (D:10)
  2 hobgoblin zombies (D:10)
  2 orc skeletons (D:10)
  14 orc zombies (D:10)
  4 rats
421 creatures vanquished.

Vanquished Creatures (others)
  A fungus (D:8)
  18 plants (D:8)
19 creatures vanquished.

Grand Total: 440 creatures vanquished
